 Dungeon Crawl Stone Soup version 0.16.1-11-g651b585 (webtiles) character file.

4846 karlm the Fighter (level 10, -10/114 HPs)
             Began as an Ogre Hunter on Apr 3, 2015.
             Was an Elder of Okawaru.
             Mangled by a yak (12 damage)
             ... on level 10 of the Dungeon.
             The game lasted 00:38:54 (13542 turns).

karlm the Fighter (Ogre Hunter)                    Turns: 13542, Time: 00:38:54

Health: -10/114    AC:  5    Str: 20    XL:     10   Next: 49%
Magic:  10/10      EV: 12    Int: 10    God:    Okawaru [****..]
Gold:   485        SH:  0    Dex: 12    Spells: 0 memorised, 9 levels left

rFire  + . .     SeeInvis .     C - +3 giant spiked club
rCold  + . .     Clarity  .     E - +1 robe {rC+ rF+}
rNeg   . . .     SustAb   .     (shield restricted)
rPois  .         Gourm    .     (helmet restricted)
rElec  .         Spirit   .     M - +0 cloak
rCorr  .         Warding  .     (gloves unavailable)
rMut   .         Stasis   .     (boots unavailable)
MR     +....                    H - amulet of rage
Stlth  ++........               L - ring of stealth
                                F - ring of wizardry

@: somewhat resistant to hostile enchantments, unstealthy
A: unfitting armour, tough skin 1
a: Heroism, Renounce Religion, Evoke Berserk Rage


You were on level 10 of the Dungeon.
You worshipped Okawaru.
Okawaru was greatly pleased with you.
You were hungry.

You visited 2 branches of the dungeon, and saw 11 of its levels.

You collected 485 gold pieces.

Inventory:

Hand weapons
 w - the +5 trident of Destiny {freeze, Noisy +Inv MP-9 Dex+3}
   (You found it on level 6 of the Dungeon)

   It has been specially enchanted to freeze those struck by it, causing extra
   injury to most foes and up to half again as much damage against particularly
   susceptible opponents.
   It can also slow down cold-blooded creatures.
   It affects your dexterity (+3).
   It affects your magic capacity (-9).
   It lets you turn invisible.
   It may make noises in combat.
 C - a +3 giant spiked club (weapon)
 G - a +0 flail of protection
Missiles
 b - 4 large rocks
 c - 2 throwing nets
 e - 272 stones (quivered)
 s - 7 needles of sleeping
 y - 64 poisoned needles
 B - 10 tomahawks
Armour
 E - a +1 robe of resistance (worn)
 M - a +0 cloak (worn)
Jewellery
 F - a ring of wizardry (left hand)
 H - an amulet of rage (around neck)
 L - a ring of stealth (right hand)
Magical devices
 a - a wand of frost (33)
 K - a wand of fire (0)
 R - a wand of fire (5)
Scrolls
 j - a scroll of fog
 k - 4 scrolls of remove curse
 m - 2 scrolls of identify
 n - 2 scrolls of teleportation
 o - a scroll of enchant weapon
 q - 2 scrolls of blinking {unknown}
 v - a scroll of immolation
Potions
 d - 2 potions of magic {unknown}
 g - 3 potions of cancellation
 h - 2 potions of ambrosia {unknown}
 l - 2 potions of mutation
 p - 3 potions of haste {unknown}
 r - 2 potions of might
 u - 4 potions of curing {unknown}
 z - 2 potions of poison {unknown}
 A - 2 potions of cure mutation {unknown}
 D - a potion of agility {unknown}
 I - a potion of heal wounds {unknown}
 J - a potion of flight {unknown}
 Q - a potion of invisibility {unknown}
Miscellaneous
 O - a plain deck of defence
Comestibles
 f - 6 meat rations
 i - 2 royal jellies
 t - 2 beef jerkies
 x - 4 bread rations
 N - a chunk of flesh
 P - a slice of pizza


   Skills:
 * Level 11.6 Fighting
 * Level 11.0 Maces & Flails
 + Level 7.9 Throwing
 + Level 6.0 Dodging
 - Level 1.2 Stealth


You had 9 spell levels left.
You didn't know any spells.

Dungeon Overview and Level Annotations

Branches:
Dungeon (10/15)            Temple (1/1) D:5             Orc (0/4) D:10
   Lair: D:8-11

Altars:
Ashenzari
Cheibriados
Dithmenos
Elyvilon
Fedhas
Gozag
Kikubaaqudgha
Makhleb
Nemelex Xobeh
Okawaru
Qazlal
Ru
Sif Muna
Trog
Vehumet
Xom
Yredelemnul
Zin
The Shining One

Shops:
D:10 ([

Annotations:
D:3 Shoikan's ghost, average MiBe
D:4 xsansara's ghost, experienced OgHu


Innate Abilities, Weirdness & Mutations

You are too large for most types of armour.
You have tough skin (AC +1).


Message History

The yak gores you! x2
* * * LOW HITPOINT WARNING * * *
You hit the yak.
The yak is lightly wounded.
The yak gores you.
* * * LOW HITPOINT WARNING * * *
You hit the yak but do no damage.
The yak is lightly wounded.
The yak gores you.
* * * LOW HITPOINT WARNING * * *
You puncture the yak!
The yak is moderately wounded.
The yak gores you!
* * * LOW HITPOINT WARNING * * *
You sock the yak!
The yak is heavily wounded.
The yak gores you!
* * * LOW HITPOINT WARNING * * *
The yak gores you!
You die...

....##.....#
......##.....#
.......##.....#
.........#..[..#
.Y........#..)..#
..$..$$...#.....#
..........†.....#
...∩.>.∩...Y.....#
.$........†@.....#
..$...$$..†......#
...........[....#
#########.......#
#########


You could see a yak.

Vanquished Creatures
  The ghost of Radiman the Thaumaturge, an experienced GrEE of Vehumet (D:9)
  A hungry ghost (D:9)
  9 yaks
  3 ice beasts
  2 orc warriors
  5 centaurs
  3 ogres
  2 giant frogs
  Blork the orc (D:3)
  2 scorpions
  2 goliath beetles
  A centaur zombie (D:6)
  A giant frog zombie (D:5)
  8 orc priests
  A centaur skeleton (D:6)
  3 hounds
  2 jellies (D:7)
  4 worker ants
  4 iguanas
  9 orc wizards
  Ijyb (D:4)
  4 gnolls (D:7)
  10 adders
  A worker ant zombie (D:6)
  2 giant mites
  6 shadow imps
  6 worms
  An adder zombie (D:6)
  4 giant geckos
  An ooze (D:4)
  50 orcs
  10 bats
  2 bat skeletons
  7 giant cockroaches
  14 goblins
  14 hobgoblins
  6 jackals
  6 quokkas
  A ball python (D:3)
  A giant cockroach zombie (D:5)
  4 giant newts
  2 giant spores
  A jackal skeleton (D:5)
  13 kobolds
  A quokka skeleton (D:5)
  8 rats
  A rat zombie (D:6)
  5 ballistomycetes
246 creatures vanquished.

Vanquished Creatures (others)
  A sky beast (D:5)
  A giant frog (D:6)
  A goblin (D:5)
  A kobold (D:5)
  A quokka (D:7)
  A giant spore (D:8)
6 creatures vanquished.

Grand Total: 252 creatures vanquished

Notes
Turn   | Place    | Note
--------------------------------------------------------------
     0 | D:1      | karlm, the Ogre Hunter, began the quest for the Orb.
     0 | D:1      | Reached XP level 1. HP: 22/22 MP: 1/1
    83 | D:1      | Reached skill level 1 in Stealth
   188 | D:1      | Reached XP level 2. HP: 21/29 MP: 2/2
   884 | D:1      | Reached skill level 1 in Maces & Flails
  1246 | D:2      | Reached XP level 3. HP: 34/37 MP: 3/3
  1268 | D:2      | Found a basalt altar of Yredelemnul.
  1268 | D:2      | Found a blossoming altar of Fedhas.
  1960 | D:2      | Reached XP level 4. HP: 45/48 MP: 4/4
  2750 | D:2      | Found a stormy altar of Qazlal.
  3066 | D:3      | Reached XP level 5. HP: 55/55 MP: 5/5
  3661 | D:3      | Found an opulent altar of Gozag.
  3713 | D:3      | Noticed Shoikan's ghost (average MiBe)
  4379 | D:4      | Noticed xsansara's ghost (experienced OgHu)
  4412 | D:3      | Reached skill level 5 in Fighting
  4412 | D:3      | Reached XP level 6. HP: 63/66 MP: 6/6
  4713 | D:4      | Noticed Blork the orc
  4732 | D:3      | Killed Blork the orc
  4853 | D:4      | Noticed Ijyb
  4864 | D:4      | Killed Ijyb
  4980 | D:4      | Reached skill level 5 in Throwing
  5694 | D:4      | Reached XP level 7. HP: 27/74 MP: 7/7
  6059 | D:5      | Entered Level 5 of the Dungeon
  6075 | D:5      | Reached skill level 5 in Maces & Flails
  6089 | D:5      | Reached skill level 6 in Fighting
  6110 | D:5      | Found a staircase to the Ecumenical Temple.
  6120 | Temple   | Entered the Ecumenical Temple
  6192 | Temple   | Became a worshipper of Warmaster Okawaru
  6714 | D:5      | Found Idiekh's Armour Boutique.
  7135 | D:5      | Acquired Okawaru's first power
  7150 | D:5      | Reached skill level 7 in Fighting
  7380 | D:5      | Reached XP level 8. HP: 32/87 MP: 8/8
  8679 | D:5      | Reached skill level 8 in Fighting
  8814 | D:6      | Got an ichor-stained trident
  8820 | D:6      | Identified the +5 trident of Destiny {freeze, Noisy +Inv MP-9 Dex+3} (You found it on level 6 of the Dungeon)
  8939 | D:6      | Noticed an angel
  8940 | D:6      | Found a shimmering altar of Xom.
  8941 | D:6      | Found a glowing silver altar of Zin.
  9643 | D:6      | Reached skill level 9 in Fighting
 10167 | D:6      | Reached XP level 9. HP: 76/98 MP: 9/9
 10575 | D:5      | Reached skill level 5 in Dodging
 10766 | D:6      | Reached skill level 10 in Fighting
 11341 | D:7      | HP: 3/101 [orc warrior/morningstar (19)]
 11927 | D:7      | Found a white marble altar of Elyvilon.
 12532 | D:8      | Found a sparkling altar of Nemelex Xobeh.
 12775 | D:8      | Reached skill level 10 in Maces & Flails
 12775 | D:8      | Reached XP level 10. HP: 90/111 MP: 10/10
 12820 | D:8      | Found a shattered altar of Ashenzari.
 13224 | D:9      | Reached skill level 11 in Fighting
 13414 | D:9      | Noticed Radiman's ghost (experienced GrEE)
 13420 | D:9      | Killed Radiman's ghost
 13467 | D:9      | You fall through a shaft!
 13467 | D:10     | Entered Level 10 of the Dungeon
 13491 | D:10     | Found Qaul's Armour Shoppe.
 13495 | D:10     | Found a staircase to the Orcish Mines.
 13498 | D:10     | Found Janask's Weapon Shoppe.
 13542 | D:10     | HP: 2/114 [yak (13)]
 13542 | D:10     | Mangled by a yak

Action                   |  1- 3 |  4- 6 |  7- 9 | 10-12 || total
-------------------------+-------+-------+-------+-------++-------
Melee: Short sword       |   143 |   134 |       |       ||   277
       Mace              |       |    69 |       |       ||    69
       Flail             |       |    55 |   166 |       ||   221
       Giant spiked club |       |       |   182 |    63 ||   245
Throw: Large rock        |     3 |    27 |    22 |       ||    52
       Stone             |   105 |   110 |    22 |     6 ||   243
       Throwing net      |       |     3 |       |       ||     3
Evoke: Wand              |       |       |     3 |       ||     3
  Use: Scroll            |       |       |    17 |     1 ||    18
 Stab: Held in net/web   |       |     1 |       |       ||     1
       Sleeping          |       |       |     1 |     2 ||     3
  Eat: Chunk             |     3 |    11 |    23 |     4 ||    41
       Fruit             |       |       |     1 |       ||     1
